 Dungeon Crawl Stone Soup version 0.27.0-66-gdc8fb28755 (webtiles) character file.

Game seed: 7079247366672418707

389426 Kinoniko the Impregnable (level 23, -2/215 HPs)
             Began as a Hill Orc Berserker on Aug 20, 2021.
             Was the Champion of Trog.
             Slain by a lorocyproca (20 damage)
             ... summoned by a deep elf demonologist
             ... on level 3 of the Elven Halls.
             The game lasted 01:05:24 (59192 turns).

Kinoniko the Impregnable (Hill Orc Berserker)      Turns: 59192, Time: 01:05:25

Health: -2/215     AC: 16    Str: 35    XL:     23   Next: 6%
Magic:  23/23      EV: 17    Int:  9    God:    Trog [******]
Gold:   3491       SH: 33    Dex: 14    Spells: 22/22 levels left

rFire    . . .     SeeInvis +   E - +4 broad axe of Blood {vorpal, Contam rN+++ Stlth+}
rCold    + + +     Faith    .   Q - +2 tower shield
rNeg     + + +     Spirit   .   n - quicksilver dragon scales
rPois    +         Reflect  +   e - +3 crown of Dyrovepreva {rElec Int+2 SInv}
rElec    +         Harm     .   Z - +2 cloak {Will+}
rCorr    .         Rampage  .   c - +3 pair of gauntlets of War {Slay+5}
Will     +++..                  W - +0 pair of boots
Stlth    ++........             H - amulet "Waffam" {Reflect Fly rC+ SH+5}
HPRegen  0.45/turn              q - ring of Reimbursement {rElec rC++ Str+6 Dex+3}
MPRegen  0.18/turn              K - ring of poison resistance

@: about to teleport, corroded, on berserk cooldown, flying, slowed, very slow
A: subdued magic 1
}: 2/15 runes: decaying, serpentine
a: Renounce Religion, Berserk, Trog's Hand, Brothers in Arms


You were on level 3 of the Elven Halls.
You worshipped Trog.
Trog was exalted by your worship.
You visited 7 branches of the dungeon, and saw 38 of its levels.
You visited 1 bazaar.
You also visited: Ossuary and Desolation.

You collected 6301 gold pieces.
You spent 2810 gold pieces at shops.

Inventory:

Hand Weapons
 E - the +4 broad axe of Blood (weapon) {vorpal, Contam rN+++ Stlth+}
   (Trog gifted it to you on level 3 of the Elven Halls)

   It inflicts extra damage upon your enemies.
   rN:        It renders you almost immune to negative energy.
   Contam:    It causes magical contamination when unequipped.
   Stlth:     It makes you more stealthy.
 I - a +2 broad axe of flaming
 X - a +0 broad axe of electrocution
 Y - a +3 broad axe of venom
Missiles
 g - 6 throwing nets (quivered)
Armour
 c - the +3 pair of gauntlets of War (worn) {Slay+5}
   (You bought it in a shop on level 6 of the Dungeon)

   Slay:      It affects your accuracy & damage with ranged weapons and melee
   (+5).
 e - the +3 crown of Dyrovepreva (worn) {rElec Int+2 SInv}
   (You bought it in a shop in a bazaar)

   Int:       It affects your intelligence (+2).
   rElec:     It insulates you from electricity.
   SInv:      It lets you see invisible.
 n - quicksilver dragon scales (worn)
 s - a +4 chain mail of poison resistance
 Q - a +2 tower shield (worn)
 W - a +0 pair of boots (worn)
 Z - a +2 cloak of willpower (worn)
Jewellery
 o - a ring of positive energy
 p - the amulet of the Trilobite {RegenMP rC+ Str-2 Int+10 Dex+3}
   (You found it in the Desolation of Salt)

   [amulet of magic regeneration]

   It increases your rate of magic regeneration.
   Str:       It affects your strength (-2).
   Int:       It affects your intelligence (+10).
   Dex:       It affects your dexterity (+3).
   rC:        It protects you from cold.
 q - the ring of Reimbursement (left hand) {rElec rC++ Str+6 Dex+3}
   (You found it on level 2 of the Swamp)

   [ring of strength]

   Str:       It affects your strength (+6).
   Dex:       It affects your dexterity (+3).
   rC:        It greatly protects you from cold.
   rElec:     It insulates you from electricity.
 r - an amulet of faith
 y - a ring of resist corrosion
 D - a ring of see invisible
 H - the amulet "Waffam" (around neck) {Reflect Fly rC+ SH+5}
   (You acquired it on level 1 of the Snake Pit)

   [amulet of reflection]

   It reflects blocked missile attacks.
   rC:        It protects you from cold.
   Fly:       It grants you flight.
   SH:        It affects your SH (+5).
 K - a ring of poison resistance (right hand)
 T - the amulet "Vocraf" {RegenMP rF+ Int+3 Slay+3}
   (You found it in the Desolation of Salt)

   [amulet of magic regeneration]

   It increases your rate of magic regeneration.
   Int:       It affects your intelligence (+3).
   Slay:      It affects your accuracy & damage with ranged weapons and melee
   (+3).
   rF:        It protects you from fire.
Wands
 b - a wand of polymorph (24)
 l - a wand of digging (8)
 t - a wand of iceblast (82)
 C - a wand of paralysis (8)
 G - a wand of flame (115)
 L - a wand of charming (8)
 M - a wand of mindburst (67)
 S - a wand of acid (24)
Scrolls
 i - 2 scrolls of torment
 j - 12 scrolls of identify
 w - 24 scrolls of teleportation
 B - 12 scrolls of magic mapping
 R - 3 scrolls of fog
Potions
 a - 5 potions of ambrosia
 f - 12 potions of curing
 h - 3 potions of cancellation
 k - a potion of heal wounds
 m - 9 potions of attraction
 u - 2 potions of berserk rage
 v - 5 potions of lignification
 x - 6 potions of haste
 z - 8 potions of mutation
 A - 2 potions of might
 J - 4 potions of invisibility
 N - 3 potions of resistance
 O - a potion of magic
Miscellaneous
 U - a lightning rod (4/4)


   Skills:
 - Level 20.0 Fighting
 - Level 20.0 Axes
 * Level 22.6 Armour
 + Level 13.9 Dodging
 * Level 21.0 Shields


You had 22 spell levels left.
You didn't know any spells.
Your spell library contained the following spells:

 Spells                   Type           Power      Damage    Failure   Level
 Apportation              Tloc           0%         N/A       56%         1
 Sandblast                Erth           0%         2d4       56%         1
 Passwall                 Tmut/Erth      0%         N/A       71%         2
 Leda's Liquefaction      Hex/Erth       0%         N/A       100%        4
 Borgnjor's Vile Clutch   Necr/Erth      0%         N/A       100%        5
 Lee's Rapid Deconstruct  Erth           0%         3d5*      100%        5
 Silence                  Hex/Air        0%         N/A       100%        5
 Summon Mana Viper        Hex/Summ       0%         N/A       100%        5
 Iron Shot                Conj/Erth      0%         9d1       100%        6
 Statue Form              Tmut/Erth      0%         N/A       100%        6
 Shatter                  Erth           0%         3d5*      100%        9


Dungeon Overview and Level Annotations

Branches:
Dungeon (15/15)            Temple (0/1) D:5            Lair (6/6) D:11
  Swamp (4/4) Lair:4        Snake (4/4) Lair:4        Slime (0/5) Lair:5
    Orc (2/2) D:11            Elf (3/3) Orc:2        Vaults (4/5) D:13
  Crypt (0/3) Vaults:3     Depths (0/5) D:15        Ossuary (visited)
Desolation (visited)

Altars:
Elyvilon
Gozag
Wu Jian
Zin
The Shining One
Beogh

Shops:
D:4 *   D:5 (   D:6 [   D:15 ?   Orc:2 (*:   Elf:1 (   Elf:3 ?

Annotations:
D:4 1 runed translucent door, VolelikeOfTheReadme's ghost, amateur OpBr
D:14 4 runed translucent doors


Innate Abilities, Weirdness & Mutations

Your spells are a little easier to cast, but a little less powerful.


Message History

Unknown command.
Unknown command.
As you read the scroll of fear, it crumbles to dust.
You assume a fearsome visage.
The chaos spawn is unaffected.
The red devil is unaffected.
The rust devil is unaffected.
The lorocyproca is unaffected.
The shadow demon is unaffected.
The Brimstone Fiend is unaffected.
The deep elf high priest resists with almost no effort.
The deep elf elementalist resists with almost no effort.
The deep elf annihilator looks frightened!
The deep elf demonologist looks frightened!
The deep elf annihilator gestures wildly while chanting.
The deep elf annihilator blinks!
The rust devil hits you. The rust devil corrodes you!
You block the red devil's attack. You block the lorocyproca's attack.
The chaos spawn barely misses you.
Unknown command.
Unknown command.
As you read the scroll of teleportation, it crumbles to dust.
You feel strangely unstable. The rust devil hits you.
The rust devil corrodes you!
The deep elf demonologist yells at you, "GO AWAY!"
You block the red devil's attack.
The shadow demon gestures.
You block the lorocyproca's attack.
The Brimstone Fiend calls on the powers of darkness!
The deep elf elementalist convulses!
The deep elf archer convulses!
The deep elf high priest convulses!
The deep elf knight convulses!
The deep elf annihilator convulses!
The deep elf demonologist convulses!
The deep elf knight convulses!
Your body is wracked with pain!
* * * LOW HITPOINT WARNING * * *
The deep elf pyromancer convulses!
The deep elf archer is empowered by the deep elf high priest's aura!
The deep elf knight is empowered by the deep elf high priest's aura!
The deep elf annihilator is empowered by the deep elf high priest's aura!
The deep elf pyromancer is empowered by the deep elf high priest's aura!
The deep elf knight is empowered by the deep elf high priest's aura!
The chaos spawn completely misses you. The rust devil hits you.
* * * LOW HITPOINT WARNING * * *
The rust devil corrodes you! The lorocyproca hits you!!
You die...

#....).# ###
#.#))#.# ###
#))#.### ##.#
#.)###.##
##...##..##...##
#.....#).#.....#
...#...)))..#...
..###..)...###..
...#...@))..#...
#....2244e.....#
##.....eee....##
##....14....##
##...ee...##
#.e........#
#............#
#.....).e......
...#........#..


You could see a Brimstone Fiend (summoned), a lorocyproca (summoned, invisible),
a deep elf annihilator (summoned, empowered), a deep elf elementalist (fast,
empowered, repels missiles), a shadow demon (summoned), a deep elf demonologist
(empowered, fleeing), a deep elf archer (summoned, empowered, repels missiles),
2 deep elf knights, a deep elf high priest (brilliance aura), a rust devil
(summoned), a deep elf pyromancer (summoned, empowered), a chaos spawn
(summoned) and a red devil (summoned).

Vanquished Creatures
  Vashnia (Snake:3)
  Jory (Vaults:3)
  2 deep elf master archers (Elf:3)
  Asterion (Elf:1)
  2 quicksilver dragons (Snake:4)
  2 deep elf blademasters
  The ghost of Kinoniko the Warrior, an adept DsBe of Trog (Swamp:2)
  An ancient champion (Vaults:3)
  A sphinx (Vaults:2)
  2 thorn hunters
  Roxanne (Elf:2)
  5 nagarajas
  A frost giant (Vaults:1)
  9 vault wardens
  6 deep elf sorcerers (Elf:3)
  An orc warlord (Orc:2)
  2 angels (Elf:2)
  5 deep elf elementalists (Elf:3)
  13 ironbound preservers
  7 very ugly things
  2 war gargoyles
  2 deep elf demonologists
  8 dire elephants
  3 bunyips
  A halazid warlock (Desolation)
  7 deep elf annihilators
  Azrael (Elf:2)
  Snorg (D:13)
  3 fire dragons (Swamp:4)
  2 deep elf death magi (Elf:3)
  An ettin (Vaults:3)
  3 great orbs of eyes (Vaults:4)
  6 eleionomae
  4 crystal guardians
  7 yaktaur captains
  6 deep elf high priests
  A shambling mangrove (Swamp:4)
  5 ragged hierophants (Desolation)
  Josephine (D:13)
  Harold (D:9)
  5 salamander tyrants
  3 boulder beetles
  7 peacekeepers
  9 ironbound thunderhulks
  14 naga warriors
  10 vault guards
  A quicksilver dragon skeleton (D:15)
  A ghost crab (Swamp:2)
  4 catoblepae
  23 hydras
  5 servants of whispers (Desolation)
  12 ironbound frosthearts
  3 two-headed ogres
  A centaur warrior (Vaults:3)
  An ogre mage (D:13)
  7 anacondas
  A death knight (D:12)
  10 alligators
  10 death yaks (Lair:6)
  37 dancing weapons
  2 spriggan berserkers (Swamp:3)
  11 ironbound beastmasters
  Urug (Lair:6)
  15 naga sharpshooters
  21 deep elf knights
  3 orc high priests
  12 shock serpents
  A soul eater (Vaults:3)
  7 skeletal warriors
  A fire crab (Swamp:4)
  3 goliath frogs
  6 spriggan druids
  5 salamander mystics
  29 deep trolls
  7 swamp dragons
  A glowing orange brain (Vaults:3)
  12 ironbound convokers
  10 lindwurms
  6 deep elf archers
  30 deep elf pyromancers
  6 orc knights
  3 phantasmal warriors
  A bog body (Swamp:3)
  6 wizards
  29 deep elf zephyrmancers
  5 naga ritualists
  2 necromancers
  4 harpies
  8 mana vipers
  2 fire giant zombies (D:15)
  23 ugly things
  4 orc sorcerers
  A stone giant zombie (D:15)
  21 salamanders
  4 manticores
  3 will-o-the-wisps
  15 elephants
  4 cyclopes
  15 vault sentinels
  36 black mambas
  13 guardian serpents
  2 molten gargoyles (Desolation)
  An eye of devastation (shapeshifter) (Elf:3)
  A gargoyle (D:12)
  14 naga magi
  5 cane toads
  2 efreet
  A yaktaur (shapeshifter) (D:15)
  3 freezing wraiths
  24 yaktaurs
  5 rime drakes
  5 komodo dragons
  A tengu conjurer (D:13)
  9 trolls
  3 meliai (D:14)
  8 tyrant leeches
  16 hornets
  A polar bear (Lair:6)
  50 saltlings (Desolation)
  Prince Ribbit (D:6)
  27 blink frogs
  A meliai zombie (D:11)
  10 dream sheep
  29 slime creatures
  An air elemental (Elf:1)
  17 spriggans
  A vampire (D:12)
  7 basilisks
  2 water elementals (D:11)
  4 wraiths
  4 fire elementals
  4 wyverns
  A human (D:13)
  44 yaks
  3 vampire mosquitoes (D:14)
  2 steam dragons
  Menkaure (D:4)
  32 nagas
  5 wargs
  18 water moccasins
  17 swamp worms
  3 acid dragons
  A hell hound (Elf:2)
  36 orc warriors
  A sky beast (D:7)
  A necrophage (D:5)
  12 swamp drakes
  3 black bears
  5 ogres
  2 wolves
  4 boggarts (Lair:6)
  10 centaurs
  2 kobold brigands
  Blork the orc (D:6)
  2 elf zombies (Ossuary)
  A gnoll sergeant (D:8)
  11 bullfrogs
  A wyvern zombie (D:8)
  4 earth elementals
  3 scorpions
  A water moccasin skeleton (D:3)
  6 howler monkeys
  9 electric eels
  7 jellies
  A bullfrog zombie (D:5)
  2 human zombies (Ossuary)
  2 lava snakes (Lair:5)
  8 centaur zombies
  6 hounds
  3 centaur skeletons
  11 orc priests
  A gnoll shaman (Orc:2)
  6 iguanas
  19 orc wizards
  A killer bee zombie (D:7)
  A hound zombie (Ossuary)
  3 mummies (Ossuary)
  2 hound skeletons
  8 gnolls
  12 adders
  A white imp (D:7)
  2 ufetubi
  4 adder zombies
  3 dart slugs
  A worm (D:2)
  77 orcs
  17 endoplasms
  A giant cockroach (D:4)
  7 goblins
  9 hobgoblins
  15 jackals
  22 kobolds
  12 ball pythons
  3 bats (D:1)
  8 frilled lizards
  5 jackal zombies (Ossuary)
  3 kobold zombies (Ossuary)
  An orc zombie (Ossuary)
  4 quokka zombies (Ossuary)
  3 rats
  8 rat zombies (Ossuary)
  6 briar patches (Swamp:1)
  3 bushes (D:14)
1490 creatures vanquished.

Vanquished Creatures (collateral kills)
  A sphinx (Vaults:2)
  A vault warden (Vaults:2)
  2 ironbound preservers (Vaults:2)
  A deep elf death mage (Elf:3)
  A yaktaur captain (Vaults:2)
  A ragged hierophant (Desolation)
  A servant of whispers (Desolation)
  A vault guard (Vaults:2)
  A death knight (D:13)
  An orc high priest (Orc:2)
  A slime creature (Vaults:2)
  3 skeletal warriors
  A deep elf knight (Elf:1)
  A phantasmal warrior (D:13)
  3 lindwurms (Vaults:2)
  2 ironbound convokers
  4 orc knights
  A deep elf zephyrmancer (Elf:1)
  Maggie (D:9)
  2 freezing wraiths (D:13)
  A troll (Elf:3)
  7 saltlings (Desolation)
  9 orc warriors
  2 orc priests (Orc:2)
  An orc (Orc:2)
50 creatures vanquished.

Vanquished Creatures (others)
  A hydra (Swamp:4)
  A lindwurm (Swamp:4)
  A deep elf pyromancer (Elf:1)
  A deep elf zephyrmancer (Elf:1)
  A bloated husk (Swamp:1)
  A hornet (Swamp:2)
  A swamp worm (Swamp:1)
  A hell hound (Elf:2)
  2 swamp drakes (Swamp:4)
  16 foxfires
  67 fungi
  50 plants
  5 toadstools (D:2)
  2 withered plants
150 creatures vanquished.

Grand Total: 1690 creatures vanquished

Notes
Turn   | Place    | Note
-------+----------+-------------------------------------------
     0 | D:1      | Kinoniko the Hill Orc Berserker began the quest for the
                  | Orb.
     0 | D:1      | Reached XP level 1. HP: 19/19 MP: 1/1
   501 | D:1      | Reached XP level 2. HP: 24/26 MP: 2/2
   693 | D:1      | Reached skill level 5 in Axes
  1337 | D:2      | Reached XP level 3. HP: 22/31 MP: 3/3
  1680 | D:2      | Reached ** piety under Trog
  1752 | D:2      | HP: 1/46 [acid (10)]
  1754 | D:2      | Reached XP level 4. HP: 1/39 MP: 4/4
  2105 | D:2      | Reached XP level 5. HP: 45/45 MP: 5/5
  3343 | D:3      | Reached *** piety under Trog
  3456 | D:3      | Found a faded altar of an unknown god.
  3643 | D:3      | Reached XP level 6. HP: 31/51 MP: 6/6
  4097 | D:4      | Noticed a black bear
  4107 | D:4      | Killed a black bear
  4111 | D:4      | Reached skill level 10 in Axes
  4111 | D:4      | Reached XP level 7. HP: 57/57 MP: 7/7
  4265 | D:4      | Found a runed translucent door.
  4266 | D:4      | Noticed VolelikeOfTheReadme's ghost (amateur OpBr)
  4268 | D:4      | Found a sand-covered staircase.
  4274 | Ossuary  | Entered an ossuary
  4585 | Ossuary  | Reached **** piety under Trog
  4906 | Ossuary  | Reached XP level 8. HP: 64/64 MP: 8/8
  5045 | D:4      | Identified a scroll of acquirement
  5045 | D:4      | Acquired a manual of Fighting
  5556 | D:4      | Found Gifewnimykh's Serpentskin Sales.
  5607 | D:4      | Bought a +2 chain mail of poison resistance for 203 gold
                  | pieces
  5669 | D:4      | Noticed Menkaure
  5674 | D:4      | Killed Menkaure
  5675 | D:4      | Reached skill level 5 in Fighting
  5963 | D:5      | Entered Level 5 of the Dungeon
  5963 | D:5      | Found a staircase to the Ecumenical Temple.
  6474 | D:5      | Found Pycriom's Weapon Emporium.
  6665 | D:5      | Reached XP level 9. HP: 79/79 MP: 9/9
  7223 | D:6      | Noticed Blork the orc
  7229 | D:6      | Killed Blork the orc
  7563 | D:6      | Found Nous's Armour Emporium.
  7710 | D:6      | Acquired 802 gold pieces
  7782 | D:6      | Bought the +3 pair of gauntlets of War {Slay+5} for 617
                  | gold pieces
  7782 | D:6      | Found the +3 pair of gauntlets of War {Slay+5}
  7856 | D:6      | Noticed Prince Ribbit
  7860 | D:6      | Killed Prince Ribbit
  8161 | D:7      | Found an opulent altar of Gozag.
  8460 | D:7      | Noticed a troll
  8466 | D:7      | Killed a troll
  8523 | D:7      | Reached skill level 10 in Fighting
  8523 | D:7      | Reached skill level 15 in Axes
  9136 | D:8      | Reached XP level 10. HP: 94/94 MP: 8/10
  9272 | D:8      | Reached ***** piety under Trog
 10331 | D:9      | Identified the +4 hand crossbow of Oshuq {venom, rN+ MP+9
                  | SInv}
 10425 | D:9      | Found a faded altar of an unknown god.
 10487 | D:9      | Noticed Maggie
 10612 | D:9      | Noticed Harold
 10631 | D:9      | Killed Harold
 10632 | D:9      | Reached skill level 3 in Armour
 10664 | D:9      | Killed Maggie
 11058 | D:10     | Entered Level 10 of the Dungeon
 11761 | D:10     | Found an ornate altar of the Wu Jian Council.
 11801 | D:10     | Reached XP level 11. HP: 87/106 MP: 8/11
 12208 | D:10     | Reached skill level 4 in Armour
 12660 | D:11     | Noticed a two-headed ogre
 12666 | D:11     | Killed a two-headed ogre
 12744 | D:11     | Noticed a skeletal warrior
 12744 | D:11     | Noticed a skeletal warrior
 12745 | D:11     | Noticed a skeletal warrior
 12753 | D:11     | Killed a skeletal warrior
 12754 | D:11     | Reached skill level 5 in Armour
 12757 | D:11     | Killed a skeletal warrior
 12758 | D:11     | Noticed a skeletal warrior
 12765 | D:11     | Killed a skeletal warrior
 12766 | D:11     | Noticed a skeletal warrior
 12776 | D:11     | Killed a skeletal warrior
 12778 | D:11     | Killed a skeletal warrior
 13219 | D:11     | Noticed a seven-headed hydra
 13224 | D:11     | Killed a five-headed hydra
 13268 | D:11     | Found a staircase to the Lair.
 13426 | D:11     | Found a roughly hewn altar of Beogh.
 13426 | D:11     | Found a staircase to the Orcish Mines.
 13435 | D:11     | Reached skill level 6 in Armour
 13441 | D:11     | Noticed an orc knight
 13454 | D:11     | Killed an orc knight
 13455 | D:11     | Reached XP level 12. HP: 72/118 MP: 7/12
 13843 | Lair:1   | Entered Level 1 of the Lair of Beasts
 13977 | Lair:1   | Noticed a four-headed hydra
 13985 | Lair:1   | Killed a one-headed hydra
 14019 | Lair:1   | Reached skill level 5 in Dodging
 14790 | Lair:2   | Reached skill level 15 in Fighting
 14808 | Lair:2   | Reached skill level 7 in Armour
 15039 | Lair:2   | Noticed a five-headed hydra
 15047 | Lair:2   | Killed a one-headed hydra
 16520 | Lair:4   | Found a staircase to the Snake Pit.
 16680 | Lair:4   | Received a gift from Trog
 16681 | Lair:4   | Reached XP level 13. HP: 128/128 MP: 13/13
 16723 | Lair:4   | Reached skill level 8 in Armour
 17194 | Lair:4   | Found a staircase to the Swamp.
 18122 | Lair:5   | Reached skill level 9 in Armour
 18751 | Lair:5   | Found a staircase to the Slime Pits.
 18931 | Lair:5   | Reached skill level 10 in Armour
 19722 | Lair:6   | Entered Level 6 of the Lair of Beasts
 19792 | Lair:6   | Reached XP level 14. HP: 137/140 MP: 12/14
 19933 | Lair:6   | Reached skill level 11 in Armour
 20182 | Lair:6   | Noticed Urug
 20191 | Lair:6   | Killed Urug
 20833 | Lair:6   | Received a gift from Trog
 20920 | Lair:6   | Reached skill level 12 in Armour
 22417 | D:12     | Reached XP level 15. HP: 150/150 MP: 11/15
 23347 | D:13     | Received a gift from Trog
 23517 | D:13     | Reached skill level 1 in Shields
 23564 | D:13     | Found a gate to the Vaults.
 23570 | D:13     | Reached skill level 13 in Armour
 23809 | D:13     | Noticed Josephine
 23814 | D:13     | Killed Josephine
 24128 | D:13     | Noticed Snorg
 24137 | D:13     | Killed Snorg
 24579 | Orc:1    | Entered Level 1 of the Orcish Mines
 24710 | Orc:2    | Entered Level 2 of the Orcish Mines
 24742 | Orc:2    | Found Bochetz's General Store.
 24758 | Orc:2    | Noticed an orc warlord
 24761 | Orc:2    | Reached skill level 5 in Shields
 24769 | Orc:2    | Killed an orc warlord
 25253 | Orc:2    | Bought a +0 cloak of willpower for 138 gold pieces
 25272 | Orc:2    | Found Lag Qel's Antique Weapon Emporium.
 25290 | Orc:2    | Received a gift from Trog
 25477 | Orc:2    | Gained mutation: Your spells are a little easier to cast,
                  | but a little less powerful. [a neqoxec]
 25486 | Orc:2    | Found Ackotal's Book Shop.
 26337 | Orc:2    | Found Lawkorphy's Antique Armour Shoppe.
 26367 | Orc:2    | Found a staircase to the Elven Halls.
 27404 | D:14     | Found a huge runed translucent gate.
 27404 | D:14     | Found a huge runed translucent gate.
 27404 | D:14     | Found a huge runed translucent gate.
 27404 | D:14     | Found a huge runed translucent gate.
 27479 | D:14     | Identified the +0 mace "Vorgh" {speed, rCorr Int+3}
 27839 | D:15     | Entered Level 15 of the Dungeon
 27904 | D:15     | Reached XP level 16. HP: 161/161 MP: 16/16
 27906 | D:15     | Found Diegiuz's Magic Scroll Shoppe.
 27948 | D:15     | Found a staircase to the Depths.
 27950 | D:15     | Bought a scroll of teleportation for 51 gold pieces
 27950 | D:15     | Bought a scroll of teleportation for 51 gold pieces
 29154 | Swamp:1  | Entered Level 1 of the Swamp
 29156 | Swamp:1  | Identified the +6 hand axe of Etti Xabba {vorpal, MP+9
                  | Int+5}
 29226 | Swamp:1  | Noticed a thorn hunter
 29239 | Swamp:1  | Killed a thorn hunter
 30254 | Swamp:2  | Noticed a thorn hunter
 30267 | Swamp:2  | Killed a thorn hunter
 30450 | Swamp:2  | Reached skill level 14 in Armour
 30450 | Swamp:2  | Reached skill level 10 in Shields
 30670 | Swamp:2  | Found a runed translucent door.
 30674 | Swamp:2  | Noticed Kinoniko's ghost (adept DsBe)
 31146 | Swamp:2  | Identified the +5 spear "Ciqoskua" {vorpal, rPois rC+
                  | Dex-3}
 31168 | Swamp:2  | Killed Kinoniko's ghost
 31270 | Swamp:2  | Identified the ring of Reimbursement {rElec rC++ Str+6
                  | Dex+3}
 31785 | Swamp:3  | Identified the +7 shortbow of Gituel {venom, rPois rF+
                  | Dex+2}
 32584 | Swamp:3  | Received a gift from Trog
 33046 | Swamp:3  | Reached XP level 17. HP: 152/170 MP: 14/17
 33090 | Swamp:3  | Reached skill level 15 in Armour
 33454 | Swamp:4  | Entered Level 4 of the Swamp
 36143 | Swamp:4  | Got a decaying rune of Zot
 36263 | Snake:1  | Entered Level 1 of the Snake Pit
 36364 | Snake:1  | Received a gift from Trog
 36769 | Snake:1  | Reached skill level 10 in Dodging
 36938 | Snake:1  | Acquired the amulet "Waffam" {Reflect Fly rC+ SH+5}
 37045 | Snake:1  | Reached skill level 16 in Armour
 38642 | Snake:2  | Reached XP level 18. HP: 178/178 MP: 18/18
 38659 | Snake:2  | Received a gift from Trog
 38666 | Snake:2  | Reached ****** piety under Trog
 39845 | Snake:3  | Found a flickering gateway to a bazaar.
 39869 | Bazaar   | Entered a bazaar
 39869 | Bazaar   | Found Bineh's Book Shop.
 39869 | Bazaar   | Found Tericwum's Magic Scroll Shoppe.
 39869 | Bazaar   | Found Teups's Weapon Shop.
 39871 | Bazaar   | Found Muaxo's Armour Shoppe.
 39871 | Bazaar   | Found Pynische's Assorted Antiques.
 39930 | Bazaar   | Bought the +3 crown of Dyrovepreva {rElec Int+2 SInv} for
                  | 1200 gold pieces
 39930 | Bazaar   | Found the +3 crown of Dyrovepreva {rElec Int+2 SInv}
 39938 | Bazaar   | Bought a scroll of teleportation for 33 gold pieces
 39938 | Bazaar   | Bought a scroll of identify for 22 gold pieces
 39938 | Bazaar   | Bought a scroll of identify for 22 gold pieces
 39938 | Bazaar   | Bought a scroll of magic mapping for 38 gold pieces
 39938 | Bazaar   | Bought a scroll of identify for 22 gold pieces
 39938 | Bazaar   | Bought a scroll of teleportation for 33 gold pieces
 39938 | Bazaar   | Bought a scroll of teleportation for 33 gold pieces
 39938 | Bazaar   | Bought a scroll of enchant weapon for 82 gold pieces
 39938 | Bazaar   | Bought a scroll of teleportation for 33 gold pieces
 39938 | Bazaar   | Bought a scroll of identify for 22 gold pieces
 40694 | Snake:3  | Noticed Vashnia
 40702 | Snake:3  | Killed Vashnia
 40711 | Snake:3  | Reached skill level 17 in Armour
 41551 | Snake:4  | Entered Level 4 of the Snake Pit
 41929 | Snake:4  | Received a gift from Trog
 42433 | Snake:4  | Reached skill level 15 in Shields
 42954 | Snake:4  | Reached XP level 19. HP: 138/185 MP: 19/19
 43080 | Snake:4  | Reached skill level 18 in Armour
 43440 | Snake:4  | Got a serpentine rune of Zot
 43859 | Vaults:1 | Entered Level 1 of the Vaults
 43890 | Vaults:1 | Received a gift from Trog
 44529 | Vaults:1 | Identified the +5 rapier "Bodwutorgh" {protect, SInv}
 45288 | Vaults:1 | You are sucked into a shaft and drop 1 floor!
 45908 | Vaults:2 | Received a gift from Trog
 45914 | Vaults:2 | Reached skill level 19 in Armour
 45942 | Vaults:2 | Reached XP level 20. HP: 101/193 MP: 20/20
 48250 | Vaults:3 | Received a gift from Trog
 48934 | Vaults:3 | Reached skill level 20 in Armour
 49179 | Vaults:3 | Found a staircase to the Crypt.
 49466 | Vaults:3 | Noticed Jory
 49490 | Vaults:3 | Killed Jory
 49984 | Vaults:3 | Reached XP level 21. HP: 201/201 MP: 21/21
 50708 | Vaults:4 | Received a gift from Trog
 52195 | Vaults:4 | Acquired 665 gold pieces
 52943 | Elf:1    | Entered Level 1 of the Elven Halls
 53353 | Elf:1    | Paralysed by an air elemental for 1 turns
 53359 | Elf:1    | Paralysed by an air elemental for 1 turns
 53878 | Elf:1    | Noticed Asterion
 53883 | Elf:1    | Received a gift from Trog
 53906 | Elf:1    | Killed Asterion
 53907 | Elf:1    | Reached skill level 21 in Armour
 54088 | Elf:1    | Found Hoopeul's Antique Weapon Shop.
 54736 | Elf:1    | Received a gift from Trog
 55038 | Elf:2    | Found a white marble altar of Elyvilon.
 55038 | Elf:2    | Found a glowing golden altar of the Shining One.
 55038 | Elf:2    | Found a crumbling gateway.
 55079 | Elf:2    | Found a glowing silver altar of Zin.
 55110 | Desolati | Entered the Desolation of Salt
 55227 | Desolati | Identified the amulet "Vocraf" {RegenMP rF+ Int+3 Slay+3}
 55229 | Desolati | Identified the +2 ring mail of Distant Worlds {rC++}
 55231 | Desolati | Got Voezy's Sophisticated Magic
 55635 | Desolati | Reached XP level 22. HP: 209/209 MP: 22/22
 55647 | Desolati | Received a gift from Trog
 56054 | Desolati | Identified the amulet of the Trilobite {RegenMP rC+ Str-2
                  | Int+10 Dex+3}
 56747 | Desolati | Got the Volume of Orientation and Earth
 57129 | Elf:2    | Identified Roxanne's Guide on Clay
 57129 | Elf:2    | Noticed Roxanne
 57150 | Elf:2    | Killed Roxanne
 57202 | Elf:2    | Received a gift from Trog
 57408 | Elf:2    | Found a runed translucent gate.
 57409 | Elf:2    | Found a runed translucent gate.
 57409 | Elf:2    | Found a runed translucent gate.
 57585 | Elf:2    | Reached skill level 22 in Armour
 57950 | Elf:2    | Noticed Azrael
 57964 | Elf:2    | Killed Azrael
 58357 | Elf:3    | Entered Level 3 of the Elven Halls
 58648 | Elf:3    | Found Vaom's Magic Scroll Boutique.
 58656 | Elf:3    | Bought a scroll of enchant armour for 105 gold pieces
 58656 | Elf:3    | Bought a scroll of enchant armour for 105 gold pieces
 58743 | Elf:3    | HP: 10/209 [???[a deep elf demonologist] (8)]
 58744 | Elf:3    | HP: 3/209 [deep elf high priest/divine providence (12)]
 58754 | Elf:3    | Identified the +4 broad axe of Blood {vorpal, Contam rN+++
                  | Stlth+} (Trog gifted it to you on level 3 of the Elven
                  | Halls)
 58754 | Elf:3    | Received a gift from Trog
 59157 | Elf:3    | Identified the ring "Cady" {+Blink rC+ SInv}
 59157 | Elf:3    | Identified the +5 morningstar "Hemug" {vorpal, Fly rPois
                  | rF+ rC+}
 59166 | Elf:3    | Identified the amulet "Loagasegus" {Faith Regen+ rCorr SInv
                  | Stlth-}
 59169 | Elf:3    | Reached XP level 23. HP: 176/215 MP: 23/23
 59172 | Elf:3    | Identified the +8 great sword of Wrath {drain, Str+3}
 59185 | Elf:3    | Identified the +7 mace of Annihilation {flame, rF+ Str-3
                  | Dex+8}
 59192 | Elf:3    | Slain by a lorocyproca

Illustrated notes

Levels and vault maps discovered:
D:1:      eino_arrival_cavern_b, layout_rooms
D:2:      cheibrodos_fertilizer, layout_loops_ring
D:3:      layout_basic, basic_ecumenical_altar, serial_aquarium,
          aquarium_bridge_square [aquarium_subvault_bridge,
          aquarium_subvault_bridge, aquarium_subvault_bridge,
          aquarium_subvault_bridge], aquarium_window_1,
          aquarium_window_corridor_2, aquarium_window_fake,
          aquarium_window_fake, aquarium_view_2e, aquarium_pool_2
D:4:      layout_basic, gammafunk_ghost_grave, nicolae_ossuary_entry_plus,
          guppyfry_shop_venom, uniq_menkaure
D:5:      layout_cave_pods, minmay_temple_entry_offerings, serial_shops, shop
D:6:      layout_rooms, serial_shops, kennysheep_mini_moat,
          corexii_corridor_pit, uniq_prince_ribbit1, uniq_blork_the_orc
D:7:      layout_basic, nicolae_gozag_cash_rules_everything_around_me,
          minmay_misc_feat_diagonals, kennysheep_donut, serial_bayou_pond_c
D:8:      layout_loops_ring, abandoned_shop, hangedman_abyss_or_decor_passed
D:9:      nicolae_whirlpool, layout_cave_pools, serial_column_ruins,
          column_ruins_temple_hut, column_ruins_hut_water,
          column_ruins_open_large, column_ruins_open_tiny, column_ruins_grid_3,
          column_ruins_open_tiny, uniq_harold, uniq_maggie
D:10:     layout_basic, mainiacjoe_overflow_chevrons, water_maze_lemuel
D:11:     layout_irregular_city, erik_lair_island, david_orc_5, glass_columns_a,
          wad_floor_pattern_untrapped, grunt_decor_arrowhead
D:12:     layout_stronghold
D:13:     layout_roguey, grunt_vaults_entry_fortified, uniq_josephine,
          uniq_snorg
D:14:     lemuel_bear_cage, layout_loops_ring, minmay_hedge_maze
D:15:     gammafunk_depths_entry_grave, layout_rooms, serial_shops,
          nicolae_shop_stone, hangedman_decor_lopped, minmay_diced_spiral
Lair:1:   layout_roguey
Lair:2:   layout_misc_corridors
Lair:3:   layout_concentric_octagons
Lair:4:   layout_gridlike, minmay_swamp_entry_reptiles,
          minmay_snake_entry_guardpost_small, grunt_megastairs_5,
          lemuel_fruit_fields, serial_bayou_shore_a
Lair:5:   layout_gridlike, minmay_slime_entry_pillars,
          grunt_forest_small_clearings, minmay_shattered_shrine,
          serial_bayou_shore_b
Lair:6:   evilmike_catoblepas_cave, layout_cellular_growth,
          kilobyte_rumbling_trees, uniq_urug
Swamp:1:  layout_basic_swamp, evilmike_swamp_ruin_rubble_2
Swamp:2:  layout_basic_swamp, ebering_ghost_funeral_grove,
          evilmike_swamp_ruin_house_1, swamp_pool3
Swamp:3:  layout_basic_swamp, evilmike_swamp_ruin_house_5
Swamp:4:  swamp_fiery, layout_basic_swamp, swamp_pool1,
          nicolae_swamp_little_tower
Snake:1:  layout_chambers, lemuel_fruit_tree
Snake:2:  layout_gridlike
Snake:3:  layout_layer_cave, serial_shops, bzr_entry_road,
          serial_bayou_crossing, grunt_megastairs_3, uniq_vashnia
Snake:4:  hellmonk_snake_rune_quicksilver_temple, layout_cave_town,
          grunt_ministairs_8
Orc:1:    layout_caves
Orc:2:    grunt_orc_gardens, layout_diamond_mine, grunt_orc_garden,
          grunt_orc_garden, grunt_orc_garden, grunt_orc_garden
Elf:1:    nicolae_elf_arrival_fired_up, layout_loops_cross, serial_shops,
          nicolae_shop_crystal, hangedman_elven_crosses_minicolossus,
          uniq_asterion
Elf:2:    nicolae_elf_blades_crystal_corner, layout_geoelf_octagon,
          portal_desolation_entry_holy_temple, elves_outpost_lemuel,
          uniq_azrael, uniq_roxanne
Elf:3:    minmay_elf_hall_x, layout_rooms, minmay_shop_star
Vaults:1: vaults_dpeg_encased_lava, v_misc_4, v_pattern_5, v_misc_27, v_misc_2,
          vaults_mumra_chevron_long, hangedman_vaults_impose,
          ontoclasm_vaults_bender, nicolae_vaults_octagons, v_misc_19,
          v_misc_16, grunt_vaults_swirl, hangedman_vaults_maws,
          ontoclasm_vaults_decontamination, layout_vaults_ring
Vaults:2: nicolae_vaults_big_angled_halls, vaults_mumra_hexcomb, v_pattern_3,
          vaults_room_hallway, grunt_vaults_hallway_short, vaults_dpeg_ring,
          vaults_room_door_ring, layout_vaults_omnigrid
Vaults:3: vaults_room_door_ring, minmay_crypt_entry_simple_corners,
          ontoclasm_vaults_fault, hangedman_vaults_snaps,
          nicolae_vaults_know_your_exits, dpeg_vaults_monster_row,
          nicolae_vaults_what_the_h, v_misc_27, v_misc_23, v_misc_26,
          hangedman_vaults_locks, ontoclasm_vaults_gateway, vaults_dpeg_cross,
          layout_vaults_maze_snakey, uniq_jory
Vaults:4: ontoclasm_vaults_shout, vaults_mumra_lcd,
          nicolae_vaults_network_square, hangedman_vaults_capsules, v_rooms_3,
          nicolae_vaults_circle_grid_a, nicolae_vaults_yaktaur_gun_rack,
          grunt_vaults_funnel, ontoclasm_vaults_chip, layout_vaults_chaotic_city

Skill      XL: |  1  2  3  4  5  6  7  8  9 10 11 12 13 14 15 16 17 18 19 20 21 22 23 |
---------------+----------------------------------------------------------------------+-----
Axes           | 5 6 7 8 10 11 13 15 17 18 19 20 | 20.0
Fighting       | 7 10 12 14 15 17 18 19 20 | 20.0
Armour         | 3 6 7 10 12 13 14 16 17 19 20 21 22 | 22.6
Dodging        | 2 4 6 7 8 9 10 11 12 13 | 13.9
Shields        | 8 11 13 15 16 18 19 20 21 | 21.0

Action                   |  1- 3 |  4- 6 |  7- 9 | 10-12 | 13-15 | 16-18 | 19-21 | 22-24 || total
-------------------------+-------+-------+-------+-------+-------+-------+-------+-------++-------
Melee: Hand axe          |   107 |   150 |   391 |       |       |       |       |       ||   648
       War axe           |       |       |    93 |   108 |       |       |       |       ||   201
       Broad axe         |       |       |       |   260 |   802 |  1056 |  1058 |   422 ||  3598
Invok: Berserk           |     3 |     4 |    11 |    15 |    22 |    26 |    27 |     8 ||   116
       Brothers in Arms  |       |       |       |     3 |     5 |     3 |     7 |     5 ||    23
       Trog's Hand       |       |       |       |     1 |     1 |     1 |     2 |     1 ||     6
  Use: Scroll            |       |       |    10 |    10 |    13 |    12 |     3 |     7 ||    55
       Potion            |       |       |       |     1 |       |     3 |     1 |     7 ||    12
 Stab: Distracted        |       |       |       |       |       |       |     2 |     1 ||     3
       Held in net/web   |       |       |       |       |       |       |     1 |       ||     1
Armor: Animal skin       |    10 |       |       |       |       |       |       |       ||    10
       Leather armour    |    19 |     5 |       |       |       |       |       |       ||    24
       Chain mail        |       |    31 |   229 |   198 |   340 |   442 |   185 |       ||  1425
       Ring mail         |       |    15 |       |       |       |       |       |       ||    15
       Quicksilver drago |       |       |       |       |       |       |    39 |    74 ||   113
Dodge: Dodged            |    77 |    63 |   170 |   141 |   259 |   219 |   180 |    94 ||  1203
Block: Kite shield       |       |       |       |       |   112 |       |       |       ||   112
       Tower shield      |       |       |       |       |    38 |  1194 |  1096 |   396 ||  2724
       Buckler           |       |       |       |       |     3 |       |       |       ||     3
       Reflection        |       |       |       |       |       |    88 |   113 |    37 ||   238
